 Dungeon Crawl Stone Soup version 0.27-a0-40-g5f2be0e231 (webtiles) character file.

Game seed: 5795225163858034298

177854 snetch the Warrior (level 17, -6/139 (166) HPs)
             Began as a Minotaur Berserker on Dec 30, 2020.
             Was a High Priest of Trog.
             Killed from afar by a merfolk aquamancer (31 damage)
             ... with a torrent of water
             ... on level 4 of the Shoals on Jan 5, 2021.
             The game lasted 02:41:12 (34850 turns).

snetch the Warrior (Minotaur Berserker)            Turns: 34850, Time: 02:41:17

HP:   -6/139 (166)  AC: 29    Str: 28    XL:     17   Next: 26%
MP:   14/16         EV: 13    Int: 12    God:    Trog [*****.]
Gold: 2017          SH: 19    Dex: 11    Spells: 16/16 levels left

rFire    + . .     SeeInvis +   a - +11 flail of the Brain {drain, +Inv +Fly rC+ Int+3}
rCold    + . .     Faith    .   d - +0 kite shield
rNeg     . . .     Spirit   .   s - +8 chain mail of Ciwk {Rampage +Fly Int+3}
rPois    +         Reflect  +   L - +3 crown of Dyrovepreva {rElec Int+2 SInv}
rElec    +         Harm     .   T - +2 cloak {rF+}
rCorr    .         Rampage  +   O - +1 pair of gloves
Will     +++..                  f - +0 pair of boots
Stlth    ..........             R - amulet of reflection
HPRegen  1.33/turn              w - ring of poison resistance
MPRegen  0.15/turn              p - -4 ring of protection (curse)

@: flying, very slightly contaminated, regenerating, heavily drained, invisible
A: retaliatory headbutt, horns 2
}: 1/15 runes: barnacled
a: Stop Flying, Renounce Religion, Evoke Invisibility, Berserk, Trog's Hand,
Brothers in Arms


You were on level 4 of the Shoals.
You worshipped Trog.
Trog was extremely pleased with you.
You visited 5 branches of the dungeon, and saw 27 of its levels.
You visited 1 bazaar.
You also visited: Sewer, Ossuary and Volcano.

You collected 2956 gold pieces.
You spent 939 gold pieces at shops.

Inventory:

Hand Weapons
 a - the +11 flail of the Brain (weapon) {drain, +Inv +Fly rC+ Int+3}
   (You found it on level 2 of the Orcish Mines)

   A truly terrible weapon, it drains the life of those it strikes.
   It affects your intelligence (+3).
   It protects you from cold.
   It lets you turn invisible.
   It lets you fly.
 b - a +4 demon trident of freezing
 c - the +2 mace of Destiny {elec, +Blink Str+3 SInv}
   (You found it on level 6 of the Dungeon)

   Occasionally, upon striking a foe, it can discharge electrical energy and
   cause terrible harm.
   It affects your strength (+3).
   It lets you see invisible.
   It lets you blink.
Missiles
 k - 35 javelins
 n - 65 poisoned darts
 o - 44 silver javelins
 y - 15 silver boomerangs
 B - 10 curare-tipped darts
 K - 88 boomerangs (quivered)
 Q - 15 boomerangs of dispersal
Armour
 d - a +0 kite shield (worn)
 f - a +0 pair of boots (worn)
 s - the +8 chain mail of Ciwk (worn) {Rampage +Fly Int+3}
   (You found it on level 3 of the Lair of Beasts)

   It affects your intelligence (+3).
   It lets you fly.
   It bestows one free step when moving towards enemies.
 L - the +3 crown of Dyrovepreva (worn) {rElec Int+2 SInv}
   (You bought it in a shop on level 3 of the Shoals)

   It affects your intelligence (+2).
   It insulates you from electricity.
   It lets you see invisible.
 O - a +1 pair of gloves (worn)
 T - a +2 cloak of fire resistance (worn)
Jewellery
 i - a +6 ring of strength
 p - a cursed -4 ring of protection (right hand)
 w - a ring of poison resistance (left hand)
 R - an amulet of reflection (around neck)
Wands
 h - a wand of random effects (80)
 q - a wand of enslavement (17)
 x - a wand of disintegration (8)
 C - a wand of flame (61)
 D - a wand of paralysis (37)
 E - a wand of polymorph (9)
 S - a wand of digging (19)
 Y - a wand of iceblast (30)
Scrolls
 e - 6 scrolls of fear
 j - 10 scrolls of immolation
 r - 3 scrolls of summoning
 v - a scroll of holy word
 A - a scroll of magic mapping
 F - 3 scrolls of blinking
 P - 4 scrolls of fog
 U - 10 scrolls of teleportation
 W - a scroll of vulnerability
 X - a scroll of brand weapon
Potions
 g - 7 potions of might
 l - 7 potions of flight
 m - 3 potions of lignification
 t - 9 potions of heal wounds
 u - 16 potions of curing
 G - 8 potions of attraction
 H - 4 potions of invisibility
 I - a potion of resistance
 M - 2 potions of mutation
 N - 3 potions of cancellation
 Z - 2 potions of haste
Miscellaneous
 z - a box of beasts
 J - a phantom mirror
 V - a phantom mirror


   Skills:
 + Level 18.4 Fighting
 - Level 5.8(12.7) Axes
 - Level 13.9(14.3) Maces & Flails
 + Level 11.2(11.8) Polearms
 + Level 6.8 Throwing
 + Level 17.0 Armour
 + Level 9.3 Dodging
 - Level 1.1 Stealth
 - Level 15.0 Shields
 + Level 3.6 Evocations


You had 16 spell levels left.
You didn't know any spells.
Your spell library contained the following spells:

 Spells                   Type           Power        Failure   Level
 Beastly Appendage        Tmut           0%           71%         1
 Corona                   Hex            0%           71%         1
 Foxfire                  Conj/Fire      0%           71%         1
 Shock                    Conj/Air       0%           71%         1
 Summon Small Mammal      Summ           0%           71%         1
 Blink                    Tloc           N/A          85%         2
 Call Imp                 Summ           0%           85%         2
 Ensorcelled Hibernation  Hex/Ice        0%           85%         2
 Sublimation of Blood     Necr           0%           85%         2
 Swiftness                Air            0%           85%         2
 Wereblood                Tmut           0%           85%         2
 Call Canine Familiar     Summ           0%           97%         3
 Confusing Touch          Hex            0%           97%         3
 Conjure Flame            Conj/Fire      0%           97%         3
 Dazzling Flash           Conj/Hex       0%           97%         3
 Gell's Gravitas          Tloc           0%           97%         3
 Ignite Poison            Fire/Tmut/Pois 0%           97%         3
 Inner Flame              Hex/Fire       0%           97%         3
 Lesser Beckoning         Tloc           0%           97%         3
 Spider Form              Tmut/Pois      0%           97%         3
 Static Discharge         Conj/Air       0%           97%         3
 Summon Guardian Golem    Hex/Summ       0%           97%         3
 Teleport Other           Tloc           0%           97%         3
 Tukima's Dance           Hex            0%           97%         3
 Airstrike                Air            0%           100%        4
 Fulminant Prism          Conj/Hex       0%           100%        4
 Ice Form                 Ice/Tmut       0%           100%        4
 Leda's Liquefaction      Hex/Erth       0%           100%        4
 Passage of Golubria      Tloc           N/A          100%        4
 Petrify                  Tmut/Erth      0%           100%        4
 Sticky Flame             Conj/Fire      0%           100%        4
 Summon Ice Beast         Ice/Summ       0%           100%        4
 Summon Lightning Spire   Summ/Air       0%           100%        4
 Alistair's Intoxication  Tmut/Pois      0%           100%        5
 Blade Hands              Tmut           0%           100%        5
 Bolt of Magma            Conj/Fire/Erth 0%           100%        5
 Fireball                 Conj/Fire      0%           100%        5
 Irradiate                Conj/Tmut      0%           100%        5
 Iskenderun's Battlesphe  Conj           0%           100%        5
 Lightning Bolt           Conj/Air       0%           100%        5
 Eringya's Noxious Bog    Tmut/Pois      0%           100%        6
 Hydra Form               Tmut           0%           100%        6
 Invisibility             Hex            0%           100%        6
 Iron Shot                Conj/Erth      0%           100%        6
 Statue Form              Tmut/Erth      0%           100%        6
 Dragon Form              Tmut           0%           100%        7
 Orb of Destruction       Conj           0%           100%        7
 Spellforged Servitor     Conj/Summ      0%           100%        7
 Shatter                  Erth           0%           100%        9


Dungeon Overview and Level Annotations

Branches:
Dungeon (14/15)            Temple (1/1) D:4            Lair (6/6) D:8
 Shoals (4/4) Lair:2        Snake (0/4) Lair:4        Slime (0/5) Lair:6
    Orc (2/2) D:9             Elf (0/3) Orc:2        Vaults (0/5) D:13
  Sewer (visited)         Ossuary (visited)         Volcano (visited)

Altars:
Ashenzari
Cheibriados
Dithmenos
Elyvilon
Fedhas
Gozag
Hepliaklqana
Kikubaaqudgha
Makhleb
Nemelex Xobeh
Okawaru
Qazlal
Ru
Sif Muna
Trog
Uskayaw
Vehumet
Wu Jian
Xom
Yredelemnul
Zin
The Shining One
Beogh

Shops:
D:6 *[:}=   Orc:2 *?:?   Shoals:3 [[[[


Innate Abilities, Weirdness & Mutations

You reflexively headbutt those who attack you in melee.
You have a pair of horns on your head.


Message History

You hear a splash.
You sock the frost giant! You headbutt the frost giant.
The frost giant is moderately wounded.
Your ogre hits the frost giant with a +0 giant club!!
The merfolk aquamancer hits you but does no damage.
Unknown command.
Your skin crawls.
You feel strong-willed.
The merfolk javelineer throws a javelin.
The javelin pierces through the merfolk aquamancer!
The javelin pierces through you!
* * * LOW HITPOINT WARNING * * *
You hear a splash.
You block the frost giant's attack.
The frost giant hits your ogre with a +2 battleaxe of freezing!
The frost giant freezes your ogre.
Your ogre hits the frost giant with a +0 giant club!!
The merfolk aquamancer gestures at you while chanting.
The torrent of water hits you!!
You die...

≈≈≈≈ ≈≈≈≈≈≈≈ ≈≈≈ ≈≈≈≈≈≈≈
≈≈ ≈≈≈≈≈≈≈
≈######≈≈≈≈≈≈≈≈(≈≈≈
##≈≈≈≈##≈≈≈≈≈≈≈≈≈≈≈ ≈≈≈≈
≈≈≈≈≈≈≈#≈≈≈≈≈≈.... ≈≈≈≈
≈P≈≈≈≈≈#≈.......## ≈≈≈≈≈
≈≈≈≈≈≈(#........§# ≈≈≈≈≈
##≈≈≈≈##.......O@# .≈≈≈≈≈
≈######.......tCm##.≈≈≈≈≈
≈≈≈............mt..≈≈≈≈≈≈
≈≈≈...........≈≈mm≈≈##≈#
≈≈≈≈.≈≈≈≈....≈≈≈≈≈≈≈#
≈###≈≈#≈≈≈≈≈≈≈≈≈≈≈##H≈#
≈#######≈≈≈≈≈≈≈≈≈≈# ≈$≈≈m
#≈≈#≈≈≈###≈≈≈≈≈≈≈≈# .#H#
#≈≈≈≈≈≈≈##≈≈≈≈≈≈≈≈# .


H You could see a frost giant (drained), 2 merfolk impalers, a merfolk
javelineer, a merfolk aquamancer, 2 snapping turtles, a manticore and a friendly
ogre (summoned, berserk).

Vanquished Creatures
  Jorgrun (Shoals:2)
  A kraken (Shoals:1)
  A frost giant (Shoals:4)
  A minotaur (Shoals:1)
  A red draconian (Volcano)
  Snorg (D:12)
  4 merfolk javelineers
  5 merfolk impalers
  A vault guard (D:13)
  An ogre mage (Volcano)
  Harold (D:7)
  2 boulder beetles
  8 hydras
  2 merfolk avatars
  2 catoblepae
  13 two-headed ogres
  3 merfolk aquamancers
  13 death yaks
  2 satyrs
  A deep troll shaman (Lair:6)
  2 centaur warriors
  A two-headed ogre (shapeshifter) (D:10)
  4 orc high priests (Orc:2)
  Sonja (Lair:6)
  3 skeletal warriors (D:14)
  12 sea snakes
  An unseen horror (D:8)
  A wizard (D:14)
  A lindwurm (Lair:6)
  Pikel (D:9)
  5 orc knights
  6 cyclopes
  A mana viper (shapeshifter) (D:10)
  2 oklob plants (Shoals:4)
  22 harpies
  3 fauns (Shoals:1)
  3 ugly things
  5 orc sorcerers
  6 slime creatures
  12 manticores
  11 elephants
  6 black mambas
  2 water nymphs
  7 merfolk sirens
  Psyche (D:9)
  A gargoyle (D:10)
  3 torpor snails
  24 cane toads
  4 rime drakes
  11 komodo dragons
  3 meliai (Shoals:1)
  7 trolls
  22 merfolk
  7 wind drakes
  4 polar bears
  30 blink frogs
  19 dream sheep
  8 snapping turtles
  Sigmund (D:2)
  12 water elementals
  A shadow (D:13)
  Eustachio (D:6)
  28 yaks
  5 basilisks
  3 wyverns
  Grum (D:9)
  A wraith (D:14)
  2 wargs (Orc:1)
  A soldier ant (D:13)
  3 nagas (Lair:4)
  10 water moccasins
  A swamp drake (D:9)
  48 orc warriors
  A sky beast (D:8)
  An eye of draining (D:12)
  7 phantoms
  4 black bears
  5 ice beasts
  16 ogres
  A necrophage (D:7)
  17 centaurs
  32 wolves
  18 bullfrogs
  2 big kobolds
  Blork the orc (D:6)
  A water moccasin zombie (D:11)
  A wyvern skeleton (D:12)
  A scorpion (D:8)
  5 killer bees (D:10)
  14 wights
  3 howler monkeys
  An electric eel (D:14)
  A bullfrog zombie (Ossuary)
  6 hounds
  A quasit (D:12)
  3 centaur zombies
  5 jellies
  34 orc priests
  Crazy Yiuf (D:6)
  4 bullfrog skeletons
  25 orc wizards
  5 centaur skeletons
  An iguana (D:4)
  15 mummies (Ossuary)
  5 hell rats (Lair:6)
  8 worker ants
  A killer bee zombie (D:7)
  A hound zombie (Ossuary)
  2 worker ant zombies
  A howler monkey zombie (Ossuary)
  A howler monkey skeleton (D:7)
  15 adders
  2 shadow imps (D:7)
  4 white imps
  An ufetubus (D:5)
  5 oozes
  An adder skeleton (D:5)
  5 adder zombies
  10 worms
  2 dart slugs
  13 leopard geckos
  134 orcs
  15 bats
  2 bat zombies (D:2)
  7 giant cockroaches
  8 hobgoblins
  8 jackals
  9 quokkas
  2 ball pythons
  7 frilled lizards
  A giant cockroach zombie (Ossuary)
  A goblin (D:3)
  A jackal zombie (D:5)
  8 kobolds
  A leopard gecko skeleton (D:5)
  A leopard gecko zombie (D:5)
  A quokka skeleton (D:7)
  2 quokka zombies
  6 rats
  A rat zombie (D:2)
  A spectral orc (D:7)
  5 bushes
  4 tentacles (Shoals:1)
978 creatures vanquished.

Vanquished Creatures (collateral kills)
  An orc warlord (Orc:2)
  3 merfolk impalers (Shoals:4)
  7 vault guards (D:13)
  A boulder beetle (D:8)
  8 death yaks
  A merfolk aquamancer (Shoals:3)
  A two-headed ogre (D:7)
  An orc knight (D:8)
  A manticore (Shoals:3)
  2 cyclopes
  A faun (Shoals:3)
  An ugly thing (D:8)
  A merfolk siren (Shoals:2)
  A komodo dragon (D:8)
  4 merfolk
  4 wind drakes (Shoals:3)
  9 yaks
  A water elemental (Shoals:3)
  5 orc warriors
  An ogre (Orc:1)
  A water moccasin zombie (D:7)
  4 orc priests
  A bullfrog skeleton (D:9)
  An orc wizard (D:8)
  A shadow imp (D:8)
  7 orcs
69 creatures vanquished.

Vanquished Creatures (others)
  A merfolk aquamancer (Shoals:4)
  A wizard (D:4)
  A blink frog (Lair:3)
  A bush (Lair:5)
  51 fungi
  79 plants
  8 tentacles (Shoals:1)
  8 withered plants (Ossuary)
150 creatures vanquished.

Grand Total: 1197 creatures vanquished

Notes
Turn   | Place    | Note
-------+----------+-------------------------------------------
     0 | D:1      | snetch the Minotaur Berserker began the quest for the Orb.
     0 | D:1      | Reached XP level 1. HP: 19/19 MP: 0/0
   264 | D:2      | Reached XP level 2. HP: 27/27 MP: 1/1
   526 | D:2      | Found a radiant altar of Vehumet.
   533 | D:2      | Reached skill level 4 in Fighting
   621 | D:1      | Reached XP level 3. HP: 33/33 MP: 2/2
  1460 | D:2      | Reached XP level 4. HP: 41/41 MP: 3/3
  1566 | D:2      | Noticed Sigmund
  1575 | D:2      | Killed Sigmund
  1576 | D:2      | Reached skill level 5 in Axes
  1576 | D:2      | Reached XP level 5. HP: 30/47 MP: 4/4
  1805 | D:2      | Reached ** piety under Trog
  2095 | D:2      | Found an ancient bone altar of Kikubaaqudgha.
  2336 | D:3      | Reached XP level 6. HP: 47/55 MP: 5/5
  2371 | D:4      | Reached skill level 5 in Fighting
  2384 | D:4      | Found a staircase to the Ecumenical Temple.
  2492 | D:4      | Found a sand-covered staircase.
  2509 | Ossuary  | Entered an ossuary
  2596 | Ossuary  | Reached XP level 7. HP: 7/61 MP: 6/6
  2813 | Ossuary  | Reached skill level 6 in Fighting
  2840 | Ossuary  | Reached skill level 5 in Armour
  3284 | D:3      | Reached *** piety under Trog
  3784 | D:4      | Reached skill level 5 in Polearms
  3847 | D:4      | Reached XP level 8. HP: 21/71 MP: 7/7
  4270 | D:4      | Reached skill level 7 in Fighting
  4426 | D:5      | Entered Level 5 of the Dungeon
  4597 | D:5      | Found a glowing drain.
  4602 | Sewer    | Entered a sewer
  4606 | Sewer    | Reached **** piety under Trog
  5437 | D:4      | Found a bloodstained altar of Trog.
  5438 | D:4      | Noticed a wizard
  5444 | D:4      | Killed a wizard
  5636 | Temple   | Entered the Ecumenical Temple
  5810 | D:6      | Noticed Eustachio
  5869 | D:6      | Killed Eustachio
  6088 | D:6      | Found Nolila's Antique Armour Shoppe.
  6214 | D:5      | Found a hazy altar of Hepliaklqana.
  6244 | D:5      | Reached XP level 9. HP: 75/79 MP: 8/8
  6880 | D:6      | Found Huol's Jewellery Boutique.
  6929 | D:6      | Found Cergheb's Book Emporium.
  7003 | D:6      | Found Abbuorac's General Store.
  7126 | D:6      | Noticed Blork the orc
  7133 | D:6      | Killed Blork the orc
  7361 | D:6      | Found Orghan's Gadget Shoppe.
  7364 | D:6      | Reached skill level 1 in Stealth
  7454 | D:6      | Found a runed translucent door.
  7455 | D:6      | Noticed Crazy Yiuf
  7461 | D:6      | Killed Crazy Yiuf
  7469 | D:6      | Got a masterwork mace
  7575 | D:6      | Identified the +2 mace of Destiny {elec, +Blink Str+3 SInv}
                  | (You found it on level 6 of the Dungeon)
  7664 | D:8      | Noticed a two-headed ogre
  7668 | D:8      | Reached ***** piety under Trog
  7670 | D:8      | Reached skill level 10 in Polearms
  7672 | D:8      | Killed a two-headed ogre
  7673 | D:8      | Reached skill level 8 in Fighting
  7673 | D:8      | Reached skill level 1 in Maces & Flails
  7691 | D:8      | Noticed a death yak
  7754 | D:7      | Reached skill level 1 in Shields
  7902 | D:7      | Found an opulent altar of Gozag.
  8016 | D:7      | Noticed Harold
  8032 | D:7      | Killed Harold
  8033 | D:7      | Reached skill level 5 in Dodging
  8033 | D:7      | Reached XP level 10. HP: 90/90 MP: 9/9
  8056 | D:8      | Noticed a two-headed ogre
  8056 | D:8      | Noticed a death yak
  8058 | D:8      | Noticed a death yak
  8067 | D:7      | Killed a two-headed ogre
  8072 | D:7      | HP: 5/135 [death yak (14)]
  8073 | D:7      | Killed a death yak
  8494 | D:7      | Found a basalt altar of Yredelemnul.
  8797 | D:7      | Reached skill level 5 in Maces & Flails
  8862 | D:7      | Found a white marble altar of Elyvilon.
  8863 | D:7      | Found a blossoming altar of Fedhas.
  8872 | D:7      | Found a sparkling altar of Nemelex Xobeh.
  8882 | D:7      | Found a sacrificial altar of Ru.
  8887 | D:7      | Found a shimmering altar of Xom.
  9039 | D:8      | Killed a death yak
  9042 | D:8      | Killed a death yak
  9153 | D:8      | Found a staircase to the Lair.
  9521 | D:8      | Reached skill level 1 in Evocations
  9536 | D:8      | Found a bloodstained altar of Trog.
  9546 | D:9      | Noticed Grum
  9565 | D:8      | Reached skill level 9 in Fighting
  9658 | D:9      | Killed Grum
  9720 | D:9      | Noticed a centaur warrior
  9737 | D:9      | Killed a centaur warrior
  9738 | D:9      | Reached XP level 11. HP: 64/97 MP: 10/10
 10061 | D:8      | Found a broken altar of Ashenzari.
 10066 | D:8      | Noticed an orc knight
 10066 | D:8      | Noticed an unseen horror
 10067 | D:8      | Noticed a purple ugly thing
 10067 | D:8      | Noticed a white ugly thing
 10067 | D:8      | Noticed a boulder beetle
 10145 | D:9      | Reached skill level 10 in Armour
 10808 | D:9      | Noticed Psyche
 10826 | D:9      | Killed Psyche
 10979 | D:9      | Found a staircase to the Orcish Mines.
 11020 | D:9      | Reached skill level 5 in Shields
 11140 | D:9      | Noticed Pikel
 11154 | D:9      | Killed Pikel
 11181 | D:10     | Entered Level 10 of the Dungeon
 11225 | D:10     | Found a shimmering altar of Xom.
 11225 | D:10     | Found a shimmering altar of Xom.
 11226 | D:10     | Found a shimmering altar of Xom.
 11226 | D:10     | Found a shimmering altar of Xom.
 11585 | D:10     | Received a gift from Trog
 11991 | D:10     | Noticed a two-headed ogre
 11997 | D:10     | Killed a two-headed ogre
 12029 | D:10     | Upgraded the game from 0.26-a0-1213-gd52f5182fe to
                  | 0.27-a0-34-gc18c9092ac
 12299 | D:10     | Noticed a mana viper
 12299 | D:10     | a torpor snail changed into a mana viper
 12337 | D:10     | Noticed a death drake
 12337 | D:10     | a cyclops changed into a death drake
 12344 | D:10     | a mana viper changed into a floating eye
 12378 | D:10     | Noticed a glowing orange brain
 12378 | D:10     | a death drake changed into a glowing orange brain
 12391 | D:10     | Noticed a sea snake
 12391 | D:10     | a torpor snail changed into a sea snake
 12496 | D:10     | Noticed a wolf spider
 12497 | D:10     | Noticed a great orb of eyes
 12497 | D:10     | a wolf spider changed into a great orb of eyes
 12653 | D:10     | Noticed a wolf spider
 12908 | D:12     | Noticed a red ugly thing
 12917 | D:12     | Killed a red ugly thing
 13139 | D:11     | Reached skill level 10 in Fighting
 13310 | D:11     | Noticed a seven-headed hydra
 13317 | D:11     | Killed a seven-headed hydra
 13318 | D:11     | Reached skill level 10 in Maces & Flails
 13409 | D:11     | Reached XP level 12. HP: 75/106 MP: 11/11
 13641 | D:11     | Received a gift from Trog
 14011 | D:13     | Noticed a two-headed ogre
 14015 | D:13     | Killed a two-headed ogre
 14518 | D:12     | Got a spiked ring mail
 14543 | D:12     | You fall into a shaft and drop 1 floor!
 14543 | D:13     | Noticed a two-headed ogre
 14546 | D:13     | Killed a two-headed ogre
 14770 | D:12     | Noticed Snorg
 14783 | D:12     | Killed Snorg
 15568 | D:13     | Noticed a two-headed ogre
 15577 | D:13     | Killed a two-headed ogre
 15617 | D:13     | Found a gate to the Vaults.
 15617 | D:13     | Noticed a vault guard
 15617 | D:13     | Noticed a vault guard
 15617 | D:13     | Noticed a vault guard
 15617 | D:13     | Noticed a vault guard
 15617 | D:13     | Noticed a vault guard
 15617 | D:13     | Noticed a vault guard
 15620 | D:13     | Killed a vault guard
 15622 | D:13     | Noticed a vault guard
 15623 | D:13     | Killed a vault guard
 15625 | D:13     | Noticed a vault guard
 15627 | D:13     | Killed a vault guard
 15631 | D:13     | Killed a vault guard
 15633 | D:13     | Killed a vault guard
 15634 | D:13     | Reached skill level 11 in Fighting
 15636 | D:13     | Killed a vault guard
 15640 | D:13     | Killed a vault guard
 15642 | D:13     | Killed a vault guard
 15786 | D:13     | Reached skill level 1 in Throwing
 15864 | D:13     | Identified the +3 ring mail of Yesterday {rElec Str+3
                  | Int+4} (You found it on level 12 of the Dungeon)
 16191 | D:14     | Reached XP level 13. HP: 112/116 MP: 12/12
 17514 | Orc:1    | Entered Level 1 of the Orcish Mines
 17761 | Orc:2    | Entered Level 2 of the Orcish Mines
 18108 | Orc:2    | Found a roughly hewn altar of Beogh.
 18108 | Orc:2    | Noticed an orc warlord
 18131 | Orc:2    | Reached ****** piety under Trog
 18132 | Orc:2    | Received a gift from Trog
 18148 | Orc:2    | Got a brightly glowing quarterstaff {god gift}
 18447 | Orc:2    | Killed an orc warlord
 18583 | Orc:2    | Identified the +6 quarterstaff of Greatest Utility {vorpal,
                  | Str+4} (Trog gifted it to you on level 2 of the Orcish
                  | Mines)
 18619 | Orc:2    | Reached skill level 10 in Shields
 18664 | Orc:2    | Got an ancient flail
 18665 | Orc:2    | Identified the +11 flail of the Brain {drain, +Inv +Fly rC+
                  | Int+3} (You found it on level 2 of the Orcish Mines)
 18744 | Orc:2    | Found a staircase to the Elven Halls.
 18787 | Orc:2    | Reached skill level 12 in Fighting
 18803 | Orc:2    | Identified the Grimoire of the Entrancing Voyage
 19025 | Orc:2    | Paralysed by an orc sorcerer for 5 turns
 19050 | Orc:2    | Found Tomef's Assorted Antiques.
 19355 | Orc:2    | Found Lifu's Magic Scroll Emporium.
 19814 | Orc:2    | Received a gift from Trog
 19829 | Orc:2    | Found a roughly hewn altar of Beogh.
 19857 | Orc:2    | Paralysed by an orc sorcerer for 7 turns
 20122 | Orc:2    | Found Xong's Book Boutique.
 20219 | Orc:2    | Reached XP level 14. HP: 127/127 MP: 13/13
 20223 | Orc:2    | Found Quull's Magic Scroll Shop.
 20565 | Orc:1    | Found Laman's Antique Armour Shoppe.
 20738 | Orc:1    | Received a gift from Trog
 20833 | Orc:1    | Reached skill level 13 in Fighting
 21016 | Orc:2    | Bought a sedimented brown potion for 19 gold pieces
 21016 | Orc:2    | Bought a curved ivory wand for 88 gold pieces
 21162 | Lair:1   | Entered Level 1 of the Lair of Beasts
 21305 | Lair:2   | Found a staircase to the Shoals.
 22920 | Lair:2   | Found a sparkling altar of Nemelex Xobeh.
 23422 | Lair:3   | Got a glimmering chain mail
 23436 | Lair:3   | Identified the +8 chain mail of Ciwk {Rampage +Fly Int+3}
                  | (You found it on level 3 of the Lair of Beasts)
 24304 | Lair:4   | Identified a scroll of acquirement
 24333 | Lair:4   | Acquired the +1 hat of the Goldsmith {SInv}
 24645 | Lair:4   | Found a staircase to the Snake Pit.
 24651 | Lair:4   | Reached skill level 14 in Fighting
 25624 | Lair:6   | Entered Level 6 of the Lair of Beasts
 25624 | Lair:6   | Noticed Sonja
 25632 | Lair:6   | Killed Sonja
 25665 | Lair:6   | Reached XP level 15. HP: 61/133 MP: 11/14
 26091 | Lair:6   | Reached skill level 15 in Armour
 26139 | Lair:6   | Found a staircase to the Slime Pits.
 26189 | Lair:6   | Found a dark tunnel.
 26205 | Volcano  | Entered a volcano
 26364 | Volcano  | Found a bloodstained altar of Trog.
 26702 | Lair:6   | Reached skill level 15 in Fighting
 27867 | Lair:6   | Reached skill level 15 in Shields
 28437 | Lair:6   | Reached skill level 16 in Fighting
 28949 | Lair:6   | Upgraded the game from 0.27-a0-34-gc18c9092ac to
                  | 0.27-a0-40-g5f2be0e231
 29204 | Shoals:1 | Entered Level 1 of the Shoals
 29213 | Shoals:1 | Reached XP level 16. HP: 151/151 MP: 15/15
 29216 | Shoals:1 | Received a gift from Trog
 29703 | Shoals:1 | Found a hide-covered altar of Uskayaw.
 30008 | Shoals:1 | Reached skill level 17 in Fighting
 30499 | Shoals:1 | Noticed a kraken
 30524 | Shoals:1 | Killed a kraken
 30885 | Shoals:2 | Noticed Jorgrun
 30912 | Shoals:2 | Killed Jorgrun
 31588 | Shoals:3 | Reached skill level 5 in Throwing
 31595 | Shoals:3 | Received a gift from Trog
 32387 | Shoals:3 | Found Fanijac's Antique Armour Emporium.
 32916 | Shoals:3 | Found a gateway to a bazaar.
 32919 | Shoals:3 | Found Ygyotoc's Armour Shop.
 32936 | Shoals:3 | Found Quzoklaf's Armour Shop.
 32978 | Bazaar   | Entered a bazaar
 32978 | Bazaar   | Found Fiashiply's Assorted Antiques.
 32978 | Bazaar   | Found Yponiod's Antique Weapon Shoppe.
 32978 | Bazaar   | Found Ymafy's Armour Shop.
 32983 | Bazaar   | Found Osusol's Jewellery Emporium.
 33014 | Bazaar   | Found Yssawnam's Distillery.
 33078 | Bazaar   | Bought a potion of heal wounds for 60 gold pieces
 33078 | Bazaar   | Bought a potion of curing for 36 gold pieces
 33078 | Bazaar   | Bought a potion of curing for 36 gold pieces
 33078 | Bazaar   | Bought a potion of heal wounds for 60 gold pieces
 33078 | Bazaar   | Bought a potion of haste for 120 gold pieces
 33104 | Bazaar   | Bought a runed glass ring for 65 gold pieces
 33144 | Shoals:3 | Found Rorirche's Armour Shop.
 33176 | Shoals:3 | Bought the +3 crown of Dyrovepreva {rElec Int+2 SInv} for
                  | 455 gold pieces
 33176 | Shoals:3 | Found the +3 crown of Dyrovepreva {rElec Int+2 SInv}
 33481 | Shoals:4 | Entered Level 4 of the Shoals
 33647 | Shoals:4 | Reached skill level 18 in Fighting
 33695 | Shoals:4 | Reached XP level 17. HP: 141/163 MP: 16/16
 34078 | Shoals:4 | Received a gift from Trog
 34094 | Shoals:4 | Got a barnacled rune of Zot
 34850 | Shoals:4 | Killed from afar by a merfolk aquamancer

Illustrated notes

Levels and vault maps discovered:
D:1:      lemuel_arrival_muddy, layout_basic
D:2:      layout_rooms, vehumet_crystals, lemuel_zombie_altar_kikubaaqudgha,
          roderic_malta_cross, uniq_sigmund
D:3:      layout_loops_ring
D:4:      layout_loops_ring, temple_fountains, enter_ossuary_1,
          grunt_ministairs_11, trog_wizard
D:5:      layout_gridville, nicolae_overflow_crystal_walls,
          gup_sewer_entry_bowl, chequers_decorated_corner
D:6:      layout_basic, serial_shops, shop, shop, shop, nicolae_shop_crystal,
          nicolae_shop_statue_plus, grunt_decor_arrowhead,
          kennysheep_generic_room_3, uniq_blork_the_orc, uniq_eustachio,
          uniq_crazy_yiuf_cottage
D:7:      layout_basic, yredelemnul_forgotten_temple_becter,
          minmay_overflow_temple_star_hex, serial_curves, eino_curves_01,
          eino_curves_04, serial_bayou_pond_e, nicolae_gozag_seed_capital,
          uniq_harold
D:8:      wander_river, layout_gridville, general_overflow_altar,
          dpeg_lair_monsters, basic_altar, minivault_12
D:9:      layout_rooms, erik_orc_1, hex_medium, uniq_psyche, uniq_pikel,
          uniq_grum
D:10:     layout_roguey, serial_co_window_serial, co_window_paths_a,
          co_window_cross_1, co_window_corner_a, co_window_paths_b,
          co_window_of_opportunity_a, co_window_broadway_b,
          co_window_broadway_a, co_window_2corner, co_window_corner_ca,
          glass_columns_b, glass_columns_a, xom_shifter_show
D:11:     layout_roguey
D:12:     layout_roguey, roderic_serpentine_path, uniq_snorg
D:13:     layout_gridville, erik_vaults_2
D:14:     wad_lake_hut, layout_basic, nicolae_trove_entry_path_of_doom,
          chequers_serial_rivers_micro_d, serial_shops, shop_fountains,
          uniq_louise
Temple:   nicolae_temple_hex_pool
Lair:1:   layout_cave_pods, lemuel_fruit_tree
Lair:2:   layout_regular_city, elwin_shoals_entry_rocks, basic_altar,
          st_stairs_10, beast_lair_carwin_6
Lair:3:   layout_big_grid
Lair:4:   layout_long_grid, guppyfry_snake_entry_garden
Lair:5:   layout_loops_ring, grunt_forest_large_clearings,
          infiniplex_staircase_pool_2
Lair:6:   grunt_lair_end_beastmaster, layout_concentric_octagons,
          minmay_slime_entry_pillars, nicolae_volcano_entry_two_sided,
          st_stairs_11, uniq_sonja
Shoals:1: layout_shoals, regret_index_shoals_crete
Shoals:2: layout_shoals, uniq_jorgrun
Shoals:3: layout_shoals, serial_shops, bzr_entry_lakeside, shop, shop_fountains,
          shop, nicolae_shop_window_shopping
Shoals:4: shoals_end_grunt_ice, layout_shoals, nicolae_shoals_this_corrosion
Orc:1:    layout_diamond_mine, serial_shops, shop
Orc:2:    pubby_orc_utopia

Skill      XL: |  1  2  3  4  5  6  7  8  9 10 11 12 13 14 15 16 17 |
---------------+----------------------------------------------------+-----
Axes           | 4 5 |  5.8
Fighting       | 4 5 6 7 8 9 10 11 12 14 16 18 | 18.4
Armour         | 3 4 5 6 8 9 11 12 13 14 15 16 17 | 17.0
Dodging        | 3 4 5 6 7 8 9 |  9.3
Polearms       | 3 5 8 10 11 | 11.2
Stealth        | 1 |  1.1
Maces & Flails | 3 7 10 12 13 | 13.9
Shields        | 1 3 7 9 10 13 15 | 15.0
Evocations     | 1 2 3 |  3.6
Throwing       | 1 2 6 |  6.8

Action                   |  1- 3 |  4- 6 |  7- 9 | 10-12 | 13-15 | 16-18 || total
-------------------------+-------+-------+-------+-------+-------+-------++-------
Melee: Hand axe          |    58 |     9 |       |       |       |       ||    67
       Headbutt          |    16 |    10 |    48 |   146 |   299 |   144 ||   663
       Scythe            |       |    83 |   265 |       |       |       ||   348
       Mace              |       |       |    38 |   158 |    13 |       ||   209
       Whip              |       |       |       |   314 |       |       ||   314
       Trident           |       |       |       |    19 |     4 |    29 ||    52
       Eveningstar       |       |       |       |   134 |   219 |       ||   353
       Flail             |       |       |       |       |  1128 |   504 ||  1632
Throw: Stone             |       |       |     2 |       |       |       ||     2
       Dart              |       |       |       |    13 |    12 |     5 ||    30
       Boomerang         |       |       |       |       |       |    80 ||    80
       Javelin           |       |       |       |       |       |    10 ||    10
Invok: Berserk           |       |     2 |     4 |     7 |     8 |     4 ||    25
       Trog's Hand       |       |     1 |     4 |     3 |     7 |     6 ||    21
       Brothers in Arms  |       |       |       |     4 |     8 |     6 ||    18
 Abil: Evoke Blink       |       |       |       |     5 |       |       ||     5
       Evoke Flight      |       |       |       |     1 |     5 |     4 ||    10
       Evoke Invisibilit |       |       |       |       |     2 |     2 ||     4
Evoke: Wand              |       |       |       |       |     3 |       ||     3
  Use: Scroll            |       |       |    11 |    11 |    10 |     2 ||    34
       Potion            |       |       |     1 |       |       |     1 ||     2
 Stab: Petrified         |       |       |       |       |     7 |       ||     7
       Invisible         |       |       |       |       |     7 |     3 ||    10
Armor: Animal skin       |     1 |       |       |       |       |       ||     1
       Ring mail         |    17 |    33 |    34 |       |       |       ||    84
       Scale mail        |       |       |    25 |       |       |       ||    25
       Leather armour    |       |       |     5 |       |       |       ||     5
       Chain mail        |       |       |    41 |    21 |   237 |   277 ||   576
       Plate armour      |       |       |       |   295 |   246 |       ||   541
Dodge: Dodged            |    38 |    68 |   175 |   166 |   386 |   242 ||  1075
Block: Buckler           |       |       |     7 |    14 |       |       ||    21
       Kite shield       |       |       |       |   297 |   932 |   607 ||  1836
       Reflection        |       |       |       |       |     7 |    42 ||    49

Table legend: (Time is in decaauts)
 A = Elapsed time spent in this place.
 B = Non-inter-level travel time spent in this place.
 C = Inter-level travel time spent in this place.
 D = Time resting spent in this place.
 E = Time spent auto-exploring this place.
 F = Levels seen in this place.
 G = Mean time per level.
                   A        B        C        D        E       F      G
               +--------+--------+--------+--------+--------+-----+--------+
         Total |  35552 |  33299 |   2253 |   2313 |  20136 |  31 | 1146.8 |
       Dungeon |  16487 |  15236 |   1251 |   1077 |   9593 |  14 | 1177.6 |
        Temple |     82 |     77 |      5 |      0 |     76 |   1 |   82.0 |
          Lair |   7536 |   6841 |    695 |    604 |   3814 |   6 | 1256.0 |
        Shoals |   5667 |   5560 |    107 |    253 |   3503 |   4 | 1416.8 |
  Orcish Mines |   3636 |   3442 |    194 |    181 |   2200 |   2 | 1818.0 |
        Bazaar |    135 |    135 |      0 |      0 |     35 |   1 |  135.0 |
         Sewer |    810 |    810 |      0 |      0 |    488 |   1 |  810.0 |
       Ossuary |    716 |    716 |      0 |    196 |    266 |   1 |  716.0 |
       Volcano |    479 |    479 |      0 |      0 |    159 |   1 |  479.0 |
               +--------+--------+--------+--------+--------+-----+--------+

Top non-repeatable levels by time:
   Orc:2: 3011 daAuts
     D:8: 1947 daAuts
  Lair:5: 1693 daAuts
Shoals:1: 1672 daAuts
  Lair:6: 1576 daAuts
Shoals:2: 1519 daAuts
     D:7: 1500 daAuts
     D:4: 1389 daAuts
     D:1: 1365 daAuts
     D:9: 1331 daAuts
    D:12: 1310 daAuts
  Lair:2: 1309 daAuts
Shoals:4: 1284 daAuts
    D:10: 1254 daAuts
Shoals:3: 1191 daAuts
